AoeStats
← gob b

African Clearing

504484063Analyzed
4v4 RM · 26d ago on Sep 5, 2026· 42m 50s· 8 players
Game mode
Random Map
Map size
Large (8 player)
Population
200
Speed
Normal
Resources
Standard
Victory
Conquest
Starting age
Dark Age
Ending age
Imperial Age
RankedLock teamsTeams togetherTeam positionsShared explorationLock speedFull tech treeHidden civsTurbo modeCheats
Victory
Defeat
🇨🇳 Mongols · China
1188
+14
🇨🇳 Byzantines · China
1080
+19
1051
+20
🇨🇳 Japanese · China
957
+24
🇪🇸 Spanish · Spain
1182
-21
🇮🇳 Bohemians · India
1132
-19
🇹🇼 Huns · Taiwan
1123
-19
🇩🇪 Mongols · Germany
1111
-18
gob b
4:27 Loom
18:25 Feudal Age
23:09 Castle Age
21:05 Double-Bit Axe
21:51 Horse Collar
24:14 Bow Saw
25:15 Wheelbarrow
39:22 Fletching
韓國魚
3:49 Loom
puolas2020
5:12 Loom
12:40 Feudal Age
18:58 Castle Age
17:42 Double-Bit Axe
18:00 Horse Collar
24:13 Bow Saw
24:03 Gold Mining
26:11 Fletching
28:53 Thumb Ring
29:19 Husbandry
29:30 Bloodlines
30:06 Bloodlines
31:05 Bodkin Arrow
34:08 Padded Archer Armor
35:49 Leather Archer Armor
36:41 Wheelbarrow
39:50 Hand Cart
43:01 Imperial Age
John Kalztan
8:52 Loom
16:15 Feudal Age
20:25 Castle Age
19:09 Double-Bit Axe
24:08 Town Watch
28:47 Wheelbarrow
29:02 Bow Saw
31:10 Hand Cart
30:44 Horse Collar
32:41 Gold Mining
32:42 Stone Mining
34:22 Heavy Plow
35:22 Town Patrol
40:21 Imperial Age
39:02 Padded Archer Armor
39:09 Scale Barding Armor
39:03 Stone Mining
40:56 Bloodlines
40:49 Husbandry
41:31 Conscription
41:08 Cavalier
42:20 Elite Conquistador
83716497273
14:16 Feudal Age
16:42 Fishing Lines
17:03 Double-Bit Axe
18:02 Wheelbarrow
21:14 Castle Age
22:18 Bow Saw
22:02 Gillnets
25:10 Gold Mining
27:16 Gold Shaft Mining
27:40 Loom
28:10 Hand Cart
27:57 Stone Mining
32:37 Imperial Age
31:04 Fletching
32:00 Coinage
32:13 Redemption
32:16 Town Watch
33:55 Banking
33:20 Bodkin Arrow
33:19 Treadmill Crane
34:40 Chemistry
34:01 Ballistics
33:46 Siege Engineers
33:33 Guard Tower
34:30 Conscription
38:03 Two-Man Saw
kiyohime
4:35 Loom
16:48 Feudal Age
18:08 Wheelbarrow
17:40 Double-Bit Axe
22:57 Castle Age
21:45 Gold Mining
22:41 Horse Collar
23:49 Husbandry
24:02 Scale Barding Armor
24:07 Forging
24:22 Bow Saw
24:17 Heavy Plow
26:39 Chain Barding Armor
27:34 Iron Casting
34:13 Elite Skirmisher
35:53 Padded Archer Armor
35:44 Fletching
36:54 Ballistics
39:26 Imperial Age
37:12 Hand Cart
37:35 Bodkin Arrow
38:31 Treadmill Crane
40:22 Leather Archer Armor
40:33 Conscription
39:55 Heavy Camel Rider
41:23 Plate Barding Armor
40:49 Bracer
41:55 Chemistry
42:50 Crop Rotation
43:02 Ring Archer Armor
小传奇
4:36 Loom
14:12 Feudal Age
15:34 Double-Bit Axe
15:35 Horse Collar
15:52 Town Watch
18:12 Castle Age
17:52 Wheelbarrow
20:02 Town Watch
20:20 Heavy Plow
20:39 Bow Saw
25:29 Gold Mining
25:29 Stone Mining
33:03 Imperial Age
33:15 Imperial Age
31:32 Scale Barding Armor
31:39 Forging
32:22 Bloodlines
32:12 Husbandry
32:34 Chain Barding Armor
33:41 Iron Casting
32:27 Light Cavalry
34:17 Gold Shaft Mining
34:31 Elite Steppe Lancer
38:01 Blast Furnace
42:01 Conscription
42:26 Elite Mangudai
42:58 Fletching
43:08 Padded Archer Armor
唐尚书右丞王维
4:57 Loom
16:33 Feudal Age
18:12 Double-Bit Axe
21:53 Castle Age
26:39 Wheelbarrow
29:34 Gold Mining
30:21 Horse Collar
41:48 Imperial Age
40:12 Thumb Ring
40:31 Ballistics
40:41 Bow Saw
41:13 Fletching
41:23 Padded Archer Armor
41:40 Bloodlines
41:30 Husbandry
42:14 Bodkin Arrow
43:18 Leather Archer Armor
42:27 Heavy Cavalry Archer
Connection lost

Rejoining the realm…

Still unreachable

The connection could not be restored.

Session expired

The server has moved on; the page needs a fresh start.